[Event "Betsys MČR v online bleskovém šachu 2021"]
[Site "Chess.com"]
[Date "2021.04.17"]
[Round "1"]
[White "Bagr92"]
[Black "marecek1754"]
[Result "0-1"]
[WhiteElo "1595"]
[BlackElo "2213"]
[TimeControl "180+1"]
[EndTime "9:08:00 PDT"]
[Termination "Uživatel marecek1754 zvítězil na čas"]

1. e4 e5 2. Nc3 Nf6 3. f4 d5 4. fxe5 Nxe4 5. Qf3 Nxc3 6. bxc3 c5 7. d4 c4 8. Ne2 Be6 9. Rb1 Qd7 10. g3 Nc6 11. Bg2 O-O-O 12. O-O h6 13. Nf4 g5 14. Nxe6 fxe6 15. a4 Be7 16. Bd2 h5 17. g4 Rdf8 18. Qg3 h4 19. Qe3 Qe8 20. Qe2 Rxf1+ 21. Rxf1 Rf8 22.
Be3 Rf7 23. Qd2 Rxf1+ 24. Bxf1 a6 25. Bxg5 Qg6 26. Bxe7 Qxg4+ 27. Kh1 Nxe7 28. Bg2 h3 29.
Bf1 Nf5 30. Qf2 Nh4 31. Qg3 Qe4+ 32. Kg1 Nf3+ 33. Kf2 Nd2 34. Bxh3 Qxc2 35. Bxe6+ Kb8 36. Qg8+ Ka7 37. Bxd5 Qxc3 38. e6 Qxd4+ 39. Kg3 Qxd5 40. Qf7 Ne4+ 0-1

[Event "Betsys MČR v online bleskovém šachu 2021"]
[Site "Chess.com"]
[Date "2021.04.17"]
[Round "1"]
[White "PetrVelicka"]
[Black "TarantAnk"]
[Result "1-0"]
[WhiteElo "2382"]
[BlackElo "1730"]
[TimeControl "180+1"]
[EndTime "9:08:01 PDT"]
[Termination "Uživatel PetrVelicka zvítězil po vzdání soupeře"]

1. e4 c5 2. Nf3 d6 3. d4 cxd4 4. Nxd4 Nc6 5. c4 Nf6 6. Nc3 g6 7. Be2 Bg7 8. Be3 O-O 9. O-O Nd7 10. Qd2 a6 11. Rac1 Nde5 12. Rfd1 Ng4 13. Bxg4 Bxg4 14. f3 Bd7 15. Nd5 Rb8 16. b3 Ne5 17. a4 Bc6 18. Nc3 Rc8 19. Nde2 b5 20. axb5 axb5 21. Nxb5 Bxb5 22.
cxb5 Nd7 23. Nd4 Nc5 24. b4 Nd7 25. Nc6 Qe8 26. b6 Nxb6 27. Nxe7+ Qxe7 28. Bxb6 Rxc1 29. Rxc1 Be5 30. Bd4 Rb8 31. Rb1 Qc7 32. b5 Qc4 33. Bxe5 dxe5 34. Qb4 Qd3 35. b6 Kg7 36. b7 Qd7 37. h3 h5 38. Qb5 Qc7 39. Kh1 Kf6 40. Qd5 Ke7 41. Kh2 Qd6 42. Rb5 Qxd5 43. Rxd5 f6 44. Rb5 Kd6 45. Rb6+ Ke7 46. h4 Kf7 47.
Kg1 Ke7 48. Kf2 g5 49. hxg5 fxg5 50. Rg6 g4 51. fxg4 hxg4 52. Rxg4 Rxb7 53. Rg7+ Kd6 54.
Rxb7 1-0

[Event "Betsys MČR v online bleskovém šachu 2021"]
[Site "Chess.com"]
[Date "2021.04.17"]
[Round "1"]
[White "HonzaVykouk"]
[Black "FMD-MP"]
[Result "1-0"]
[WhiteElo "2700"]
[BlackElo "1806"]
[TimeControl "180+1"]
[EndTime "9:08:03 PDT"]
[Termination "Uživatel HonzaVykouk zvítězil na čas"]

1. e4 c5 2. Nf3 Nc6 3. d4 cxd4 4. Nxd4 Nf6 5. Nc3 e5 6. Ndb5 d6 7. Bg5 a6 8. Na3 b5 9. Nd5 Qa5+ 10. Bd2 Qd8 11. Bg5 Qa5+ 12. c3 Nxe4 13. Qf3 Nxg5 14. Nf6+ gxf6 15. Qxc6+ Kd8 16. Qxa8 Qb6 17. O-O-O Kc7 18.
h4 Bh6 19. Qd5 Be6 20. Qd3 Nh3+ 21. Kb1 Nxf2 22. Qf3 Nxh1 23. Qxf6 Bf8 24. Qxh8 Be7 25. Qxh7 Nf2 26. Rc1 Qe3 27. Qc2 Ne4 28. Ka1 Bf5 29. Bd3 Ng3 30. Bxf5 Nxf5 31. c4 Nd4 32. Qc3 1-0

[Event "Betsys MČR v online bleskovém šachu 2021"]
[Site "Chess.com"]
[Date "2021.04.17"]
[Round "1"]
[White "mravecuk"]
[Black "FrantisekP"]
[Result "1-0"]
[WhiteElo "2274"]
[BlackElo "1640"]
[TimeControl "180+1"]
[EndTime "9:08:03 PDT"]
[Termination "Uživatel mravecuk zvítězil po vzdání soupeře"]

1. d4 Nf6 2. Nc3 g6 3. e4 Bg7 4. e5 Ng8 5. Be3 d6 6. exd6 cxd6 7. Qd2 Nf6 8. h3 Nc6 9. Nf3 O-O 10. Be2 a6 11. O-O Bd7 12. Rfe1 Rc8 13. Rad1 e6 14. Bh6 b5 15. Bxg7 Kxg7 16. Qf4 Nh5 17. Qxd6 Re8 18. Ne4 Ne7 19. c3 Nd5 20. Ne5 Qe7 21. Bxh5 Qxd6 22. Nxd6 gxh5 23. Nxc8 Bxc8 24. g3 Bb7 25. h4 Rg8 26. Nd3 Nf6 27. Nc5 Bc6 28. Re5 Kh6 29. a3 Ng4 30. Ree1 Bf3 31. Rd2 Bd5 32. Nxa6 f5 33. Nc7 f4 34. Nxd5 exd5 35. Re6+ Kg7 36. Rde2 Kf7 37. Re7+ Kf6 38. R2e6+ Kf5 39.
Rd6 fxg3 40. fxg3 Nf6 41. Rf7 Rxg3+ 42. Kf2 Rg6 43. Rfxf6+ Rxf6 44. Rxf6+ Kxf6 45. Kf3 1-0

[Event "Betsys MČR v online bleskovém šachu 2021"]
[Site "Chess.com"]
[Date "2021.04.17"]
[Round "1"]
[White "Mikkes33"]
[Black "kaprasov"]
[Result "0-1"]
[WhiteElo "936"]
[BlackElo "1893"]
[TimeControl "180+1"]
[EndTime "9:08:04 PDT"]
[Termination "Uživatel kaprasov zvítězil na čas"]

1. e4 c5 2. Nf3 d6 3. d4 cxd4 4. Nxd4 Nf6 5. Nc3 g6 6. f3 Bg7 7.
Be3 O-O 8. Qd2 Nc6 9. h4 h5 10. O-O-O Nxd4 11. Bxd4 Be6 12. g4 Qa5 13. Kb1 Rfc8 14. b3 Rab8 15. gxh5 Nxh5 16. Bxg7 Nxg7 17. Nd5 Qxd2 18. Rxd2 Bxd5 19. exd5 Rc3 20. Bd3 Rbc8 21. Re2 Kf8 22. Rhe1 R8c7 23. f4 Nh5 24. Rf2 Nf6 25.
f5 gxf5 26. Rxf5 R3c5 27. c4 b5 28. h5 bxc4 29. bxc4 Rb7+ 30. Ka1 Rb8 31. Rg5 Rcc8 32.
h6 Nh7 0-1

[Event "Betsys MČR v online bleskovém šachu 2021"]
[Site "Chess.com"]
[Date "2021.04.17"]
[Round "1"]
[White "Patriktesko"]
[Black "valid88"]
[Result "1-0"]
[WhiteElo "2071"]
[BlackElo "1342"]
[TimeControl "180+1"]
[EndTime "9:08:06 PDT"]
[Termination "Uživatel Patriktesko zvítězil na čas"]

1. d4 d5 2. Nf3 Nf6 3. Bg5 Bf5 4. c3 e6 5. e3 c5 6. Bd3 Bg4 7. Nbd2 Nc6 8. Qc2 h6 9. Bh4 Be7 10. a3 cxd4 11. exd4 a6 12. O-O O-O 13. Bg3 Bd6 14.
Rae1 b5 15. Ne5 Bxe5 16. Bxe5 Nxe5 17. Rxe5 Bh5 18. f3 Qb6 19. Kh1 a5 20. g4 Bg6 21.
Bxg6 fxg6 22. Qxg6 b4 23. g5 hxg5 24. Rxg5 Qb7 25.
axb4 axb4 26. Rfg1 Rf7 27. h4 bxc3 28. bxc3 Ra2 29.
Nf1 Ra7 30. h5 Kf8 31. h6 gxh6 32. Qxh6+ Ke7 33. Rg7 Kd6 34. Rxf7 Qxf7 35. Qf4+ Kc6 36. Rg2 Qh5+ 37. Rh2 Qf7 38. Rh6 Ng8 39. Qxf7 Rxf7 40. Rxe6+ Kd7 41. Re3 Rf4 42. Kg2 1-0

[Event "Betsys MČR v online bleskovém šachu 2021"]
[Site "Chess.com"]
[Date "2021.04.17"]
[Round "1"]
[White "adambelaska"]
[Black "Krtecci"]
[Result "0-1"]
[WhiteElo "1439"]
[BlackElo "2106"]
[TimeControl "180+1"]
[EndTime "9:08:07 PDT"]
[Termination "Uživatel Krtecci zvítězil na čas"]

1. d4 Nf6 2. c4 e6 3. Nf3 b6 4. Nc3 Bb7 5. e3 Bb4 6. a3 Bxc3+ 7. bxc3 d6 8. Qa4+ Nbd7 9. Rb1 O-O 10. Bd3 Ne4 11. Qc2 f5 12. Nd2 Ndf6 13. O-O Kh8 14.
f3 Nxd2 15. Bxd2 Nh5 16. e4 f4 17. d5 e5 18. a4 a5 19. Be1 Rg8 20. Qf2 g5 21. g3 Bc8 22. g4 Nf6 23. h3 Nd7 24. Qg2 Nc5 25. Bc2 Bd7 26. Rf2 Bxa4 27. Bxa4 Nxa4 28. Ra1 Qd7 29. Rc2 Nc5 30. Qh2 Rgb8 31. h4 Qe7 32. h5 h6 33. Rca2 Kg7 34. Bd2 a4 35. Bc1 Nb3 36. Rb1 Nxc1 37. Rxc1 Ra5 38. Rca1 Qd7 39. Kf2 Rba8 40. Ke2 b5 0-1

[Event "Betsys MČR v online bleskovém šachu 2021"]
[Site "Chess.com"]
[Date "2021.04.17"]
[Round "1"]
[White "elftom"]
[Black "Molefancier"]
[Result "1-0"]
[WhiteElo "1933"]
[BlackElo "1072"]
[TimeControl "180+1"]
[EndTime "9:08:11 PDT"]
[Termination "Uživatel elftom zvítězil na čas"]

1. c4 e5 2. Nc3 Nf6 3. g3 Nc6 4. Bg2 Bb4 5. e4 O-O 6. Nge2 d6 7. O-O Bg4 8. f3 Be6 9. Nd5 Ba5 10. d4 Ne7 11. Nxf6+ gxf6 12. Be3 Ng6 13. d5 Bd7 14. h4 Kg7 15. h5 Nh8 16. g4 h6 17. Kh2 Kh7 18. Qc1 Rg8 19. Bxh6 f5 20.
exf5 Qh4+ 21. Bh3 Bb6 22. Be3 f6 23. Bxb6 axb6 24. Qe1 Qg5 25. a3 Ra4 26. b3 Raa8 27. Ng3 Nf7 28. Ne4 Qf4+ 29. Qg3 Qe3 30. Nxf6+ Kh6 31.
Nxd7 Qd2+ 32. Rf2 Qe3 33. f4 Qe4 34. g5+ Nxg5 35. fxg5+ Rxg5 36. Qf3 Qh4 37. Rg1 Rag8 38. Rxg5 Rxg5 39. Rg2 Qf4+ 40. Qxf4 exf4 41. Rxg5 Kxg5 42. f6 1-0

[Event "Betsys MČR v online bleskovém šachu 2021"]
[Site "Chess.com"]
[Date "2021.04.17"]
[Round "1"]
[White "DenisaD2008"]
[Black "JIDEMONI"]
[Result "0-1"]
[WhiteElo "981"]
[BlackElo "1902"]
[TimeControl "180+1"]
[EndTime "9:08:11 PDT"]
[Termination "Uživatel JIDEMONI zvítězil na čas"]

1. e4 e6 2. Nc3 d5 3. d4 Nf6 4. Bd3 dxe4 5. Bxe4 Nxe4 6. Nxe4 Be7 7. Be3 O-O 8. Nf3 b6 9. O-O Bb7 10. Nc3 Nd7 11. d5 exd5 12. Nxd5 Bd6 13. Qd3 Nf6 14.
Nxf6+ Qxf6 15. Rad1 Rad8 16. Bg5 Qg6 17. Bxd8 Qxd3 18.
Rxd3 Rxd8 19. Re1 Kf8 20. Ng5 h6 21. Ne4 Re8 22. Red1 Bxe4 23. R3d2 Bg6 24. h4 a5 25. a4 Bh5 26. f3 Bf4 27. Rd7 Bd6 28. g4 Bg6 29.
Rd2 Re1+ 30. Kf2 Re6 31. h5 Bh7 32. Rd8+ Re8 33. Rd7 Rc8 34. f4 Ke8 35. f5 Kxd7 36. Kf3 Re8 37. Rd3 f6 38. Rd2 Bg8 39. c3 Kc6 40. b4 Bd5+ 41. Kf2 axb4 42. cxb4 Bxb4 43. Rc2+ Kd6 44. Rb2 Bc3 0-1

[Event "Betsys MČR v online bleskovém šachu 2021"]
[Site "Chess.com"]
[Date "2021.04.17"]
[Round "1"]
[White "nw_tynka"]
[Black "JanBaraCZE"]
[Result "1-0"]
[WhiteElo "2208"]
[BlackElo "1587"]
[TimeControl "180+1"]
[EndTime "9:08:14 PDT"]
[Termination "Uživatel nw_tynka zvítězil po vzdání soupeře"]

1. e4 c5 2. Nf3 Nc6 3. d4 cxd4 4. Nxd4 d6 5. c4 g6 6. Nc3 Bg7 7. Be3 Nf6 8. Be2 O-O 9. O-O a6 10. Rc1 Ne5 11. h3 Rb8 12. f4 Ned7 13. Bf3 b6 14. Nd5 Bb7 15. Kh1 Nc5 16. Nxf6+ Bxf6 17. b4 Nxe4 18.
Ne2 Bh4 19. Qd4 Ng3+ 20. Nxg3 Bxg3 21. Bxb7 Rxb7 22. f5 Be5 23. Qh4 h5 24. fxg6 fxg6 25. Qe4 Rxf1+ 26. Rxf1 Kg7 27. Qxb7 d5 28. Qxd5 Qxd5 29.
cxd5 Bd6 30. Bxb6 Bxb4 31. Bd8 a5 32. a4 Kg8 33. g3 Kg7 34. Kg2 g5 35. g4 h4 36. Rf5 Kg6 37. Kf3 Bd6 38. Ke4 Bb4 39. Re5 Kf6 40. Re6+ Kf7 41. Kf5 Bd2 42. Rxe7+ Kf8 43.
Re6 Bb4 44. Bxg5 Bc5 45. d6 Be3 46. d7 Bd4 47. d8=Q+ Kg7 1-0

[Event "Betsys MČR v online bleskovém šachu 2021"]
[Site "Chess.com"]
[Date "2021.04.17"]
[Round "1"]
[White "reflexia64"]
[Black "Ehlundi"]
[Result "1-0"]
[WhiteElo "2402"]
[BlackElo "1766"]
[TimeControl "180+1"]
[EndTime "9:08:16 PDT"]
[Termination "Uživatel reflexia64 zvítězil po vzdání soupeře"]

1. e4 c5 2. Nf3 Nc6 3. Nc3 e6 4. d4 cxd4 5. Nxd4 Bc5 6. Nb3 Bb6 7. Bd3 Nge7 8. Qe2 O-O 9. Be3 Ng6 10. O-O-O d5 11.
exd5 exd5 12. Bxg6 hxg6 13. Nxd5 Bxe3+ 14. fxe3 Qg5 15. Kb1 Be6 16. e4 a5 17. Nc5 Bg4 18. Qd2 Qxd2 19. Rxd2 b5 20. h3 Bc8 21. Rf1 Ne5 22. Ne7+ Kh7 23. b3 a4 24. Nd3 Nxd3 25. Rxd3 Be6 26.
Nd5 axb3 27. cxb3 Rfd8 28. Rfd1 Rdb8 29. Nc7 Ra7 30. Nxe6 fxe6 31. Rd6 Re7 32. e5 g5 33. Rc1 Kg6 34. g4 Rh8 35. Rc3 Rf8 36. Rb6 Rf1+ 37. Kb2 Rf2+ 38. Rc2 Rf3 39. Rxb5 Rxh3 40. a4 Rg3 41. Rc4 Rd7 42. a5 Rd2+ 43. Ka3 Rdg2 44. Rbb4 Rg1 45. Ka4 Rd3 46. Kb5 Rd5+ 47. Rc5 Rd8 48. a6 Rb8+ 49. Ka5 Rxb4 50. Kxb4 Rxg4+ 51.
Kb5 Rg1 52. a7 Ra1 53. Kb6 g4 54. Ra5 1-0

[Event "Betsys MČR v online bleskovém šachu 2021"]
[Site "Chess.com"]
[Date "2021.04.17"]
[Round "1"]
[White "RomanHlavicka"]
[Black "Chessillusion213"]
[Result "0-1"]
[WhiteElo "1517"]
[BlackElo "2171"]
[TimeControl "180+1"]
[EndTime "9:08:18 PDT"]
[Termination "Uživatel Chessillusion213 zvítězil po vzdání soupeře"]

1. e4 c5 2. Nf3 Nc6 3. d4 cxd4 4. Nxd4 g6 5. Nc3 Bg7 6. Be3 Nf6 7. Nxc6 bxc6 8. Bd3 O-O 9. O-O d5 10. exd5 cxd5 11. Bg5 Bb7 12. Qe2 Rc8 13. Rab1 Qc7 14.
Bxf6 Bxf6 15. f3 Rfd8 16. Kh1 Qb6 17. Na4 Qa5 18. b3 Bc6 19. Nb2 Qxa2 20. Na4 Bxa4 21. bxa4 Qxa4 22. Rb7 Rb8 23. Rc7 Qa5 24. Rc6 Rdc8 25.
Rxc8+ Rxc8 26. Rb1 Qc7 27. Ba6 Rb8 28. Rxb8+ Qxb8 29. g3 Qb6 30. Kg2 e5 31. Qd3 e4 32.
fxe4 dxe4 33. Qe2 e3 34. Kf3 Bd4 35. Qd3 Qf6+ 36. Ke2 Qf2+ 37. Kd1 Qg1+ 38. Qf1 Qxh2 39. Bc4 Qf2 40. Qxf2 exf2 41. Ke2 Kf8 42. Ba6 Ke7 43. Kf3 f6 44. Ke4 Bb6 45. c3 Kd6 46. Kf3 Ke5 47.
Bf1 h6 48. Bd3 g5 49. g4 a5 0-1

[Event "Betsys MČR v online bleskovém šachu 2021"]
[Site "Chess.com"]
[Date "2021.04.17"]
[Round "1"]
[White "TTCZ"]
[Black "TommyLud"]
[Result "0-1"]
[WhiteElo "1481"]
[BlackElo "2131"]
[TimeControl "180+1"]
[EndTime "9:08:18 PDT"]
[Termination "Uživatel TommyLud zvítězil po vzdání soupeře"]

1. e4 c5 2. Nc3 Nc6 3. f4 e6 4.
Bc4 a6 5. a3 b5 6. Bb3 Bb7 7. d3 Nd4 8. Ba2 Nf6 9. Nf3 Nxf3+ 10. Qxf3 Be7 11. O-O O-O 12. Be3 d5 13. Bf2 dxe4 14.
dxe4 b4 15. Rad1 Qc7 16. axb4 cxb4 17. Ne2 Nxe4 18. Qe3 Nxf2 19. Rxf2 Bf6 20. c3 a5 21.
Qg3 Rfd8 22. Rxd8+ Rxd8 23. h3 Rd1+ 24. Kh2 Rd2 25.
Nd4 Rxf2 26. Qxf2 bxc3 27. bxc3 Qxc3 28. Nf3 Bxf3 29. gxf3 Qb4 30. Kg3 g6 31. Qc2 a4 32.
Qc8+ Kg7 33. Qc4 Qe1+ 34. Kh2 Qf2+ 35. Kh1 Bd4 36. Qc1 Qxf3+ 37. Kh2 Bf2 38. Qf1 Bg3+ 39. Kg1 Qxf1+ 40. Kxf1 Bxf4 41. Kg2 Kf6 42. Kf3 g5 43.
Bc4 h5 44. Ba2 a3 45. Bb3 Ke7 46. Bc4 f5 47. Bb3 Kf6 48. h4 Bc1 49. hxg5+ Bxg5 50. Bc4 e5 51. Bb3 e4+ 52. Kf2 Ke5 53. Ke2 f4 54. Bf7 f3+ 55. Kf1 e3 56. Bb3 e2+ 57. Kf2 Bh4+ 58. Kxf3 e1=Q 0-1

[Event "Betsys MČR v online bleskovém šachu 2021"]
[Site "Chess.com"]
[Date "2021.04.17"]
[Round "1"]
[White "Tassa15"]
[Black "jhdghaka"]
[Result "0-1"]
[WhiteElo "847"]
[BlackElo "1874"]
[TimeControl "180+1"]
[EndTime "9:08:18 PDT"]
[Termination "Uživatel jhdghaka zvítězil na čas"]

1. d4 Nf6 2. Bg5 e6 3. Nf3 b6 4. e3 Bb7 5. Nbd2 h6 6. Bxf6 Qxf6 7.
Bd3 d6 8. O-O Nd7 9. Qe2 c5 10.
Ba6 Bxa6 11. Qxa6 Qd8 12. c3 Be7 13. Qb5 O-O 14. Ne4 d5 15. Ned2 a6 16. Qe2 c4 17.
b3 b5 18. bxc4 bxc4 19. Rab1 Rb8 20. Rfc1 Qc7 21. Qd1 Ba3 22. Rc2 Rxb1 23. Qxb1 Rb8 24. Qd1 Qb7 25. Qe1 Qb5 26. Qf1 Nb6 27. Ne5 Na4 28. h3 f6 29. Ng4 Qa5 30. Nb1 Bb2 31. Qd1 Bxc3 32. Nxc3 Nxc3 33. Qd2 Rb1+ 34. Kh2 Ra1 35.
Qxc3 Rxa2 36. Rxa2 Qxa2 37. Qb4 Kf7 38. Qb7+ Kg6 39.
Qd7 c3 40. Qxe6 c2 41. Qe8+ Kh7 0-1

[Event "Betsys MČR v online bleskovém šachu 2021"]
[Site "Chess.com"]
[Date "2021.04.17"]
[Round "1"]
[White "masterofbuzkashi"]
[Black "lupinek23"]
[Result "1-0"]
[WhiteElo "2267"]
[BlackElo "1625"]
[TimeControl "180+1"]
[EndTime "9:08:19 PDT"]
[Termination "Uživatel masterofbuzkashi zvítězil po vzdání soupeře"]

1. d4 d5 2. c4 c6 3. Nc3 Nf6 4. Nf3 e6 5. Bf4 Bd6 6. Bxd6 Qxd6 7. c5 Qc7 8. Ne5 O-O 9. f4 b6 10. b4 bxc5 11. bxc5 Ba6 12. e3 Bxf1 13. Rxf1 Na6 14. Kf2 Rab8 15. Qa4 Rfc8 16. Qxa6 Rb2+ 17. Kg1 h5 18. Rab1 Rcb8 19. Rxb2 Rxb2 20. Nxc6 g5 21. Nb5 Qb8 22. Ncxa7 gxf4 23. exf4 Kh7 24. Qd6 Qg8 25. g3 h4 26. f5 Ne4 27. Qf4 Qg7 28. Qxh4+ Kg8 29. Nd6 Qxd4+ 30. Kh1 Nf2+ 31. Kg2 Ng4+ 32.
Kh1 Nf2+ 33. Rxf2 Qxf2 34. Qg5+ Kf8 35. Qd8+ Kg7 36. Qg5+ Kf8 37. Qh6+ Ke7 38. Qh4+ Kd7 39. fxe6+ fxe6 40. Qh7+ Kd8 41. Qg8+ Kd7 42. Qc8+ Ke7 43. Qe8+ Kf6 44. Qf7+ Ke5 45. Qxf2 Rxf2 46. Ndb5 Rxa2 47. c6 Rxa7 48. Nxa7 Kd6 49. h4 Kc7 50. Kg2 d4 51.
Kf3 e5 52. Ke4 Kb6 53. h5 Kxa7 54. h6 Kb6 55. h7 Kxc6 56. h8=Q Kc5 57. Qc8+ 1-0

[Event "Betsys MČR v online bleskovém šachu 2021"]
[Site "Chess.com"]
[Date "2021.04.17"]
[Round "1"]
[White "feela1"]
[Black "Soural_J"]
[Result "0-1"]
[WhiteElo "1505"]
[BlackElo "2164"]
[TimeControl "180+1"]
[EndTime "9:08:19 PDT"]
[Termination "Uživatel Soural_J zvítězil matem"]

1. e4 c5 2. Nf3 Nc6 3. Bc4 e6 4.
d3 d5 5. exd5 exd5 6. Bb5 Bd7 7.
Bf4 Nf6 8. O-O Be7 9. Re1 O-O 10. Nbd2 Re8 11. Bxc6 Bxc6 12. Ne5 Rc8 13. Nxc6 Rxc6 14. Nf3 Bd6 15. Bxd6 Rxd6 16. Rxe8+ Qxe8 17. Qe1 Re6 18. Qd2 b6 19. Re1 d4 20. Rxe6 Qxe6 21. b3 Nd5 22.
a4 f6 23. h3 Kf7 24. Qe1 Nb4 25. Qxe6+ Kxe6 26. Ne1 h5 27. Kf1 g5 28. Ke2 Kd5 29.
Kf3 a6 30. g4 h4 31. Ke2 Ke5 32. Kf3 b5 33. axb5 axb5 34. Ke2 Nd5 35. f3 Nf4+ 36.
Kf2 Nxh3+ 37. Kg2 Nf4+ 38. Kf2 Nd5 39. Kg2 Ne3+ 40. Kf2 Kf4 41. Ng2+ Nxg2 42. Kxg2 Ke3 43. Kf1 Kxf3 44. Kg1 Kxg4 45. Kg2 h3+ 46. Kh2 f5 47.
Kh1 Kg3 48. Kg1 f4 49. Kh1 f3 50. Kg1 h2+ 51. Kh1 f2 52. c3 f1=Q# 0-1

[Event "Betsys MČR v online bleskovém šachu 2021"]
[Site "Chess.com"]
[Date "2021.04.17"]
[Round "1"]
[White "p_kana"]
[Black "MartinCerveny"]
[Result "0-1"]
[WhiteElo "1803"]
[BlackElo "2666"]
[TimeControl "180+1"]
[EndTime "9:08:21 PDT"]
[Termination "Uživatel MartinCerveny zvítězil na čas"]

1. e4 c5 2. Nf3 d6 3. d4 cxd4 4. Qxd4 Nc6 5. Bb5 Qb6 6. Nc3 Qxd4 7. Nxd4 Bd7 8. Be3 Nf6 9. O-O-O a6 10. Be2 Nxd4 11.
Bxd4 e5 12. Bb6 Rc8 13. f3 Be7 14. Kb1 O-O 15. Nd5 Nxd5 16. Rxd5 f5 17. Rdd1 fxe4 18. fxe4 Be6 19. Rhf1 g6 20. Rxf8+ Rxf8 21. Rf1 Rf4 22. Bf3 h5 23. h3 g5 24. Be3 Rf8 25. Be2 Rxf1+ 26. Bxf1 g4 27. hxg4 Bxg4 28. Kc1 Kf7 29. Kd2 Kg6 30. Be2 Be6 31. c4 Bg5 32. b3 h4 33. Bf3 Bf4 34. Ke2 Kg5 35. Kf2 h3 36.
gxh3 Bxh3 37. Bb6 Kg6 38. Bc7 Bd7 39. Bxd6 Kf6 40. Ke2 Ke6 41. Bf8 Bc6 42. Kd3 Kd7 43.
b4 b5 44. cxb5 Bxb5+ 45. Kc3 Kc6 0-1

[Event "Betsys MČR v online bleskovém šachu 2021"]
[Site "Chess.com"]
[Date "2021.04.17"]
[Round "1"]
[White "ZdenekRomanek"]
[Black "horvi1"]
[Result "0-1"]
[WhiteElo "1606"]
[BlackElo "2231"]
[TimeControl "180+1"]
[EndTime "9:08:21 PDT"]
[Termination "Uživatel horvi1 zvítězil na čas"]

1. d4 Nf6 2. c4 e6 3. Nc3 Bb4 4. Nf3 O-O 5. e3 d5 6. Bd3 b6 7. cxd5 exd5 8. O-O Bg4 9. a3 Bd6 10. b4 c5 11. bxc5 bxc5 12. Bb2 c4 13. Bb1 Bc7 14.
h3 Bh5 15. Nb5 Bb6 16. a4 a6 17. Nc3 Bc7 18. Ba3 Re8 19. Bc5 Nbd7 20. Bc2 Nxc5 21.
dxc5 Ba5 22. Ne2 Bxf3 23. gxf3 Qc7 24. Qd4 Rac8 25. Qh4 Qxc5 26. Nd4 Bd8 27. Qg3 Bc7 28. Qg5 Re5 29. Nf5 Qf8 30. Qg2 Kh8 31. f4 Re6 32.
Nd4 Rb6 33. Rab1 Rcb8 34. Rxb6 Rxb6 35. Rb1 Rxb1+ 36. Bxb1 Qb4 37. Bf5 g6 38. Bc2 Qd2 39. Qg3 Qc1+ 40. Kg2 Qa3 0-1

[Event "Betsys MČR v online bleskovém šachu 2021"]
[Site "Chess.com"]
[Date "2021.04.17"]
[Round "1"]
[White "OndrejBorkovec"]
[Black "JohnnyDuck64"]
[Result "1/2-1/2"]
[WhiteElo "1508"]
[BlackElo "2132"]
[TimeControl "180+1"]
[EndTime "9:08:22 PDT"]
[Termination "Remíza opakováním pozice"]

1. d4 d5 2. Bf4 Nf6 3. Nf3 g6 4. e3 Bg7 5. Bd3 O-O 6. O-O c5 7. c4 dxc4 8. Bxc4 Nc6 9. Nc3 cxd4 10. Nxd4 Nxd4 11. Qxd4 Bf5 12. Rfd1 Ne4 13. Qxd8 Rfxd8 14. Nxe4 Bxe4 15. Rac1 Bxb2 16. Rxd8+ Rxd8 17. Re1 a6 18. f3 Bc6 19. e4 Bd4+ 20. Kf1 e5 21. Bg5 Rc8 22.
Rd1 Kg7 23. Ke2 Ba4 24. Rc1 b5 25. Bb3 Rxc1 26. Bxc1 Bxb3 27. axb3 Kf6 28. h3 h5 29. g4 hxg4 30. hxg4 Ke6 31. Kd3 f5 32. gxf5+ gxf5 33. exf5+ Kxf5 34. Bd2 Bc5 35. Bc1 Be7 36. Bd2 Bh4 37.
Bc1 Bg3 38. Bd2 Bf4 39. Bc3 Ke6 40. Ke4 Bg3 41. Bb4 Bf2 42. Bc3 Bg3 43. Bb4 Kf6 44.
Bc5 Bf4 45. Bb6 Ke6 46. Ba5 Kd6 47. Bb4+ Ke6 48. Ba3 Bg5 49. Bb2 Bf6 50. Bc3 Bg7 51.
Bb2 Bf6 52. Bc3 Bg7 53. Bb2 Bf6 1/2-1/2

[Event "Betsys MČR v online bleskovém šachu 2021"]
[Site "Chess.com"]
[Date "2021.04.17"]
[Round "1"]
[White "jonasstach"]
[Black "HerjoAnpe"]
[Result "1-0"]
[WhiteElo "2007"]
[BlackElo "1248"]
[TimeControl "180+1"]
[EndTime "9:08:22 PDT"]
[Termination "Uživatel jonasstach zvítězil po vzdání soupeře"]

1. d4 d5 2. Bf4 e6 3. c3 c5 4. Nf3 c4 5. Bg5 Nf6 6. e3 Be7 7. Nbd2 O-O 8. h3 Nc6 9. Be2 Qb6 10. Qc2 Bd7 11. O-O h6 12. Bf4 Na5 13. Ne5 Bb5 14.
Rfb1 Nc6 15. a4 Nxe5 16. Bxe5 Bd7 17. a5 Qd8 18. b3 b5 19. b4 a6 20. Qd1 Bc8 21. Bg4 Bd6 22. f4 Nxg4 23. Qxg4 Bxe5 24. fxe5 f6 25. Nf3 f5 26. Qg3 Rf7 27. Rf1 Bd7 28. Ra2 Be8 29. Raf2 Rc7 30. Nh4 Qg5 31. Qxg5 hxg5 32. Nf3 g4 33. hxg4 fxg4 34. Ng5 Bh5 35. Nxe6 Rb7 36. Rf8+ Rxf8 37. Rxf8+ Kh7 38. Rd8 Bf7 39.
Ng5+ Kg6 40. Nxf7 Kxf7 41. Rxd5 Kg6 42. Kf2 Kf5 43. Rd6 Ra7 44. Kg3 Ke4 45. e6 Kxe3 46. Rd7 Ra8 47. e7 Re8 48. d5 Kd3 49. d6 Kxc3 50. Rd8 Kxb4 51. Rxe8 c3 52. Rc8 Kb3 53.
e8=Q c2 54. Qe3+ Kb2 55. Qd2 b4 56. Qxc2+ 1-0

[Event "Betsys MČR v online bleskovém šachu 2021"]
[Site "Chess.com"]
[Date "2021.04.17"]
[Round "1"]
[White "milanpetras"]
[Black "KarelZalesky"]
[Result "0-1"]
[WhiteElo "1830"]
[BlackElo "1096"]
[TimeControl "180+1"]
[EndTime "9:08:22 PDT"]
[Termination "Uživatel KarelZalesky zvítězil na čas"]

1. e4 c5 2. c3 e6 3. d4 d5 4. e5 Nc6 5. Nf3 Nge7 6. Bd3 cxd4 7. cxd4 Bd7 8. O-O Nf5 9. Bxf5 exf5 10. Bg5 Be7 11.
h4 h6 12. Bxe7 Qxe7 13. Nc3 Be6 14. Qb3 Rd8 15. Nb5 O-O 16. Nd6 Rd7 17. Rfd1 g5 18. hxg5 hxg5 19. g3 Kg7 20. Kg2 b6 21. Qd3 Rxd6 22.
exd6 Qxd6 23. a3 Ne7 24. Ne5 Ng6 25. Nxg6 Kxg6 26. f3 Kf6 27. Re1 Rc8 28. Rac1 Rc4 29. Qe3 f4 30. gxf4 gxf4 31. Qe5+ Qxe5 32. dxe5+ Kf5 33.
Rxc4 dxc4 34. Kf2 b5 35. Rd1 a5 36. Rd6 Kxe5 37. Rb6 b4 38. axb4 axb4 39. Rxb4 Kd4 40.
Rb8 Kd3 0-1

[Event "Betsys MČR v online bleskovém šachu 2021"]
[Site "Chess.com"]
[Date "2021.04.17"]
[Round "1"]
[White "Countryside_58"]
[Black "maelic"]
[Result "1-0"]
[WhiteElo "2449"]
[BlackElo "1780"]
[TimeControl "180+1"]
[EndTime "9:08:26 PDT"]
[Termination "Uživatel Countryside_58 zvítězil po vzdání soupeře"]

1. h4 d5 2. h5 h6 3. d4 Nf6 4.
Nf3 Bg4 5. Ne5 Bf5 6. c4 c6 7.
Qb3 Qb6 8. c5 Qxb3 9. axb3 Bxb1 10. Rxb1 Nbd7 11. Bf4 Nxe5 12. Bxe5 Nd7 13. Bg3 e6 14. b4 a6 15. e3 Be7 16. Bd3 Nf6 17. f3 O-O 18. Ra1 Rfc8 19. Kd2 Bf8 20. Bf4 Nd7 21. g4 Be7 22. Rag1 f6 23. Ra1 e5 24.
Bg3 Kf8 25. Bf5 Rd8 26. Kc3 exd4+ 27. exd4 Kg8 28. Rhe1 Bf8 29. Be6+ Kh8 30. Bf7 f5 31. Bg6 fxg4 32. fxg4 Nf6 33. Bh4 Rd7 34. g5 hxg5 35. Bxg5 Re7 36. Rf1 Ne4+ 37. Bxe4 dxe4 38. Bxe7 Bxe7 39.
Rae1 Bf6 40. Rxe4 Rd8 41. Kc4 Rd5 42. Rh1 Kh7 43. Rg4 Kh6 44. Rg6+ Kh7 45. Rg4 Kh6 46.
Rf4 Rd7 47. Re4 Rd5 48. Rh3 Rd7 49. Rg3 Kh7 50. Reg4 Rd5 51. Rh3 Kh6 52. Rg6+ Kh7 53. Rg4 Kh6 54. Kd3 Kh7 55. Ke3 Kh6 56. Re4 Kh7 57. Kd3 Kh6 58. Kc4 Kh7 59. Rf3 Rxh5 60. Rxf6 gxf6 61. Re7+ Kg6 62. Rxb7 Rh2 63. Rb6 Rxb2 64.
Rxa6 Rc2+ 65. Kd3 Rb2 66. Rb6 Kf5 67. Kc3 Rf2 68. Rxc6 Ke4 69. Re6+ Kd5 70. Rd6+ Ke4 71. b5 f5 72. b6 f4 73. b7 Rh2 74. b8=Q Rh3+ 75.
Kc4 1-0

[Event "Betsys MČR v online bleskovém šachu 2021"]
[Site "Chess.com"]
[Date "2021.04.17"]
[Round "1"]
[White "Tomasbezdek07"]
[Black "OlifantCZ"]
[Result "1-0"]
[WhiteElo "1687"]
[BlackElo "2280"]
[TimeControl "180+1"]
[EndTime "9:08:27 PDT"]
[Termination "Uživatel Tomasbezdek07 zvítězil po vzdání soupeře"]

1. e4 e6 2. f4 d5 3. e5 c5 4. Nf3 Nc6 5. c3 d4 6. Na3 a6 7. Nc2 dxc3 8. bxc3 b5 9. d4 cxd4 10.
Ncxd4 Bb7 11. a4 bxa4 12. Qxa4 Qd7 13. Be3 Nge7 14. Be2 Nd5 15. Bd2 Bc5 16. O-O O-O 17. Kh1 Rfb8 18. Qc4 Qe7 19. Nxc6 Bxc6 20. Nd4 Bxd4 21.
Qxd4 a5 22. Bf3 Qc7 23. c4 Nb4 24. Bxb4 axb4 25. Qc5 Rxa1 26. Rxa1 b3 27. Qxc6 b2 28. Rb1 Qa5 29. Qe4 Qd2 30. Bd1 Qf2 31. h3 g6 32.
Qf3 Qd2 33. Qe2 Qxf4 34. Qc2 Qd4 35. Kh2 Qxe5+ 36. Kh1 Qd4 37. Bf3 h6 38. c5 Rc8 39.
c6 e5 40. Qxb2 Qd6 41. Qb7 Rc7 42. Qb8+ Kg7 43. Rb7 1-0